 Dungeon Sprint DCSS version 0.23.2-1-ga50397a6bc (webtiles) character file.

Game seed: 312925581458022977

261 Morrissey the Cleaver (level 5, 0/55 HPs)
             Began as a Deep Dwarf Fighter on May 2, 2019.
             Was a Priest of Makhleb.
             Shot with an arrow by a centaur (11 damage)
             ... in the Dungeon (Sprint VII: "The Pits").
             The game lasted 00:02:23 (527 turns).

Morrissey the Cleaver (Deep Dwarf Fighter)           Turns: 527, Time: 00:02:24

Health: 0/55       AC: -2    Str: 20    XL:     5   Next: 96%
Magic:  5/5        EV:  6    Int:  9    God:    Makhleb [***...]
Gold:   0          SH: 10    Dex: 12    Spells: 4/4 levels left

rFire    . . .     SeeInvis .   a - +2 hand axe (freeze)
rCold    . . .     Gourm    .   c - +0 shield
rNeg     . . .     Faith    .   r - +3 chain mail
rPois    .         Spirit   .   (no helmet)
rElec    .         Reflect  .   (no cloak)
rCorr    .         Harm     .   (no gloves)
MR       .....     NoTele   +   (no boots)
Stlth    ..........             (no amulet)
HPRegen  0.00/turn              (no ring)
MPRegen  0.09/turn              (no ring)

@: corroded, non-regenerating
A: damage resistance, heal wounds, sense surroundings 1, no regeneration
a: Heal Wounds, Minor Destruction, Lesser Servant of Makhleb, Renounce Religion


You were in the Dungeon.
You worshipped Makhleb.
Makhleb was most pleased with you.
You were not hungry.

You visited 1 branch

Inventory:

Hand Weapons
 a - a +2 hand axe of freezing (weapon)
 q - a +0 war axe
Armour
 c - a +0 shield (worn)
 r - a +3 chain mail (worn)
Scrolls
 k - a scroll of blinking
 m - 3 scrolls of remove curse
 n - 5 scrolls of amnesia
 o - a scroll of summoning
Potions
 d - a potion of might
 e - 6 potions of curing
 g - 5 potions of heal wounds
 h - a potion of haste
 i - 4 potions of magic
 j - 3 potions of berserk rage
 l - 2 potions of invisibility
Comestibles
 f - 9 rations
 p - 6 chunks of flesh


   Skills:
 + Level 5.7 Fighting
 * Level 8.8 Axes
 + Level 6.9 Armour
 + Level 6.9 Shields


You had 4 spell levels left.
You didn't know any spells.
Your spell library was empty.

Dungeon Overview and Level Annotations

Branches:
Dungeon (1/1)

Altars:
Ashenzari
Cheibriados
Dithmenos
Elyvilon
Fedhas
Gozag
Hepliaklqana
Kikubaaqudgha
Makhleb
Nemelex Xobeh
Okawaru
Qazlal
Ru
Sif Muna
Trog
Uskayaw
Vehumet
Wu Jian
Xom
Yredelemnul
Zin
The Shining One
Beogh
Jiyva
Lugonu


Innate Abilities, Weirdness & Mutations

You are resistant to damage.
You can heal yourself by infusing magical energy.
You passively map a small area around you.
You do not regenerate.


Message History

The jelly closely misses you.
Your chain mail prevents you from hitting the centaur.
The centaur is severely wounded.
You hit the jelly but do no damage. The acid corrodes you!
Your hands burn!
You block the centaur's attack. The centaur hits you.
* * * LOW HITPOINT WARNING * * *
The jelly hits you. The acid corrodes you!
You are splashed with acid.
* * * LOW HITPOINT WARNING * * *
You hit the centaur but do no damage.
The centaur is severely wounded.
Your chain mail prevents you from hitting the jelly.
The centaur hits you!
* * * LOW HITPOINT WARNING * * *
The jelly hits you.
* * * LOW HITPOINT WARNING * * *
You are splashed with acid.
* * * LOW HITPOINT WARNING * * *
The centaur wields a +0 shortbow.
The centaur shoots an arrow.
The arrow hits you!
You die...

#'#####'#####.....
#.#.....#[[##.....
#.#.....#))#####'#
#.###'###.)##.....
#.#.)...#))##.....
#.#.....#..##.....
#.####รท##'###...<.
#.#....)...##.....
#@#........##.....
#'###########.....
#Jc.....#, ######
#..###..# * ** #...
,*, , ##.##* * , ..
, .# , ..


You could see a centaur and a jelly.

Vanquished Creatures
  2 floating eyes (D)
  A worker ant (D)
  2 gnolls (D)
  An ufetubus (D)
  3 leopard geckos (D)
  An orc (D)
  2 jackals (D)
  A ball python skeleton (D)
  A rat (D)
14 creatures vanquished.

Notes
Turn   | Place    | Note
-------+----------+-------------------------------------------
     0 | D        | Morrissey the Deep Dwarf Fighter began the quest for the
                  | Orb.
     0 | D        | Reached XP level 1. HP: 20/20 MP: 1/1
    38 | D        | Found a glowing golden altar of the Shining One.
    38 | D        | Found a glowing silver altar of Zin.
    38 | D        | Found a basalt altar of Yredelemnul.
    38 | D        | Found a shimmering altar of Xom.
    38 | D        | Found an ornate altar of the Wu Jian Council.
    38 | D        | Found a bloodstained altar of Trog.
    38 | D        | Found a deep blue altar of Sif Muna.
    38 | D        | Found a sacrificial altar of Ru.
    38 | D        | Found a stormy altar of Qazlal.
    38 | D        | Found an iron altar of Okawaru.
    38 | D        | Found a sparkling altar of Nemelex Xobeh.
    38 | D        | Found a burning altar of Makhleb.
    38 | D        | Found a viscous altar of Jiyva.
    38 | D        | Found a hazy altar of Hepliaklqana.
    38 | D        | Found an opulent altar of Gozag.
    38 | D        | Found a blossoming altar of Fedhas.
    38 | D        | Found a white marble altar of Elyvilon.
    38 | D        | Found a shadowy altar of Dithmenos.
    38 | D        | Found a snail-covered altar of Cheibriados.
    39 | D        | Found a radiant altar of Vehumet.
    39 | D        | Found a corrupted altar of Lugonu.
    39 | D        | Found a roughly hewn altar of Beogh.
    42 | D        | Found a shattered altar of Ashenzari.
    42 | D        | Found an ancient bone altar of Kikubaaqudgha.
    42 | D        | Found a hide-covered altar of Uskayaw.
    60 | D        | Became a worshipper of Makhleb the Destroyer
    74 | D        | Noticed a worker ant
    74 | D        | Noticed a floating eye
    75 | D        | Paralysed by a floating eye for 2 turns
    81 | D        | Killed a worker ant
    81 | D        | Reached skill level 4 in Axes
    81 | D        | Reached XP level 2. HP: 15/28 MP: 2/2
    83 | D        | Killed a floating eye
    83 | D        | Reached skill level 7 in Axes
    83 | D        | Reached skill level 5 in Armour
    83 | D        | Reached skill level 5 in Shields
    83 | D        | Reached XP level 3. HP: 20/37 MP: 3/3
    83 | D        | Reached XP level 4. HP: 24/45 MP: 4/4
   307 | D        | Reached * piety under Makhleb
   313 | D        | Reached XP level 5. HP: 20/51 MP: 5/5
   321 | D        | Noticed a floating eye
   324 | D        | Paralysed by a floating eye for 2 turns
   328 | D        | Paralysed by a floating eye for 4 turns
   332 | D        | Killed a floating eye
   332 | D        | Reached skill level 5 in Fighting
   332 | D        | Reached skill level 8 in Axes
   333 | D        | Reached ** piety under Makhleb
   509 | D        | Noticed a centaur
   514 | D        | Reached *** piety under Makhleb
   527 | D        | Shot with an arrow by a centaur

Skill      XL: |  1  2  3  4  5 |
---------------+----------------+-----
Fighting       | 3 4 5 |  5.7
Axes           | 4 7 8 |  8.8
Armour         | 4 5 6 |  6.9
Shields        | 4 5 6 |  6.9

Action                   |  1- 3 |  4- 6 || total
-------------------------+-------+-------++-------
Melee: War axe           |     8 |    22 ||    30
       Hand axe          |       |    16 ||    16
  Use: Potion            |       |     1 ||     1
Armor: Scale mail        |     1 |     5 ||     6
       Chain mail        |       |     6 ||     6
Dodge: Dodged            |       |    13 ||    13
Block: Shield            |     4 |    20 ||    24
